[Event "36th German Seniors-ch-65 2024"]
[Site "Bad Wildungen"]
[Date "2024.08.29"]
[Round "7.7"]
[White "Kannenberg, Karl-Heinz"]
[Black "Rosen, Bernd"]
[Result "0-1"]
[ECO "A44"]
[WhiteElo "2121"]
[BlackElo "2245"]
[Annotator "RC"]
[PlyCount "130"]
[EventDate "2024.08.22"]
[EventType "swiss"]
[EventCountry "GER"]
[SourceTitle "playchess.com"]
[Source "ChessBase"]
[SourceQuality "1"]
[TimeControl "40/5400+30:1800+30"]

1. d4 Nf6 2. Nf3 c5 3. d5 d6 4. Nc3 e5 5. e4 Be7 6. Bb5+ Nbd7 7. a4 O-O 8. O-O Ne8 9. Nd2 Bg5 10. Bd3 Ndf6 11. Nc4 Bxc1 12. Rxc1 Bd7 13. Ra1 g6 14. Be2 b6 15. Qd3 a6 16. a5 b5 17. Nb6 Ra7 18. b3 Ng7 19. Rfe1 Be8 20. Nd1 Nd7 21. Nxd7 Bxd7 22. c3 f5 23. Bf3 f4 24. Nb2 Qh4 25. c4 g5 26. g3 Qh6 27. Qd1 Qf6 28. g4 Qh6 29. Kg2 Ne8 30. h3 Nf6 31. Nd3 b4 32. Nb2 Qg6 33. Na4 Bxa4 34. Rxa4 Qe8 35. Rh1 Qd8 36. Ra2 Kh8 37. Qe2 Ng8 38. Qd1 Qf6 39. Qd3 Ne7 40. Kf1 Ng6 41. Ke2 Qd8 42. Raa1 Nh4 43. Ra2 Rf6 44. Raa1 Kg7 45. Qc2 Kf8 46. Qa2 Qe8 47. Rag1 h6 48. Ra1 Rh7 49. Qd2 Nxf3 50. Kxf3 h5 51. Qe2 Qd8 52. Qf1 Rfh6 53. Qg2 Qd7 54. Rag1 hxg4+ 55. hxg4 Qg7 56. Qf1 Qh8 57. Rxh6 Rxh6 58. Ke2 Rh2 59. Kd2 Qh4 60. Ke2 Qh7 61. Kd3 Rh3+ 62. f3 Rh2 63. Qd1 Qh4 64. Rf1 Qh3 65. Rg1 Rf2 0-1

[Event "36th German Seniors-ch-65 2024"]
[Site "Bad Wildungen"]
[Date "2024.08.29"]
[Round "7.8"]
[White "Heinig, Wolfram"]
[Black "Kuhn, Gerd"]
[Result "1-0"]
[ECO "D13"]
[WhiteElo "2215"]
[BlackElo "2063"]
[Annotator "RC"]
[PlyCount "53"]
[EventDate "2024.08.22"]
[EventType "swiss"]
[EventCountry "GER"]
[SourceTitle "playchess.com"]
[Source "ChessBase"]
[SourceQuality "1"]
[TimeControl "40/5400+30:1800+30"]

1. Nf3 d5 2. c4 c6 3. cxd5 cxd5 4. d4 Nc6 5. Nc3 Nf6 6. Bf4 a6 7. e3 Bf5 8. Be2 h6 9. O-O e6 10. Qb3 Ra7 11. Rfc1 Bd6 12. Bxd6 Qxd6 13. Na4 O-O 14. Nc5 Rb8 15. Qb6 Qd8 16. Qxd8+ Nxd8 17. Ne5 b5 18. g4 Bh7 19. b4 a5 20. a4 bxa4 21. b5 Kf8 22. Rxa4 Ke8 23. Na6 Rb6 24. Rxa5 Ke7 25. Rc7+ Rxc7 26. Nxc7 Rb7 27. Na6 1-0

[Event "36th German Seniors-ch-65 2024"]
[Site "Bad Wildungen"]
[Date "2024.08.29"]
[Round "7.9"]
[White "Vatter, Hans-Joachim"]
[Black "Zuehlke, Burkhard"]
[Result "1-0"]
[ECO "B09"]
[WhiteElo "2212"]
[BlackElo "1999"]
[Annotator "RC"]
[PlyCount "125"]
[EventDate "2024.08.22"]
[EventType "swiss"]
[EventCountry "GER"]
[SourceTitle "playchess.com"]
[Source "ChessBase"]
[SourceQuality "1"]
[TimeControl "40/5400+30:1800+30"]

1. e4 d6 2. d4 Nf6 3. Nc3 g6 4. f4 Bg7 5. Nf3 O-O 6. e5 dxe5 7. dxe5 Qxd1+ 8. Nxd1 Nd5 9. c4 Nb4 10. Ne3 a5 11. a3 N4a6 12. Nd5 Nc6 13. Be3 f6 14. exf6 Bxf6 15. Nxf6+ exf6 16. Bd3 Re8 17. Kf2 b6 18. Rac1 Nc5 19. Bc2 Bb7 20. Rhd1 Rad8 21. Bxc5 bxc5 22. Ba4 Re6 23. Bxc6 Rxd1 24. Rxd1 Bxc6 25. Rd8+ Kf7 26. Rh8 Kg7 27. Rc8 Re7 28. Nd2 a4 29. g3 Kf7 30. Nb1 Ke6 31. Nc3 Kd7 32. Rf8 Ke6 33. Rd8 Rd7 34. Rxd7 Kxd7 35. Ke3 Ke6 36. g4 h6 37. Nd1 f5 38. Nf2 Kd6 39. gxf5 gxf5 40. Nd3 Be8 41. Ne5 Ke6 42. Kd3 Kd6 43. Kc3 Bh5 44. Kc2 Ke6 45. b3 axb3+ 46. Kxb3 Bd1+ 47. Kc3 Ba4 48. Nd3 Kd6 49. Nb2 Bc6 50. Kb3 Kd7 51. Nd3 Kd6 52. Ne5 h5 53. a4 Bb7 54. a5 Ba6 55. Kc3 Bb7 56. Kd3 Ke6 57. Ke3 Ke7 58. Kf2 h4 59. Ke3 Kd6 60. Ng6 h3 61. Ne5 Bg2 62. a6 Ke7 63. Nf3 1-0

[Event "36th German Seniors-ch-65 2024"]
[Site "Bad Wildungen"]
[Date "2024.08.29"]
[Round "7.10"]
[White "Ruether, Rudolf"]
[Black "Koehler, Gerhard"]
[Result "1/2-1/2"]
[ECO "A44"]
[WhiteElo "2065"]
[BlackElo "2210"]
[Annotator "RC"]
[PlyCount "146"]
[EventDate "2024.08.22"]
[EventType "swiss"]
[EventCountry "GER"]
[SourceTitle "playchess.com"]
[Source "ChessBase"]
[SourceQuality "1"]
[TimeControl "40/5400+30:1800+30"]

1. d4 c5 2. d5 e5 3. c4 d6 4. Nc3 Ne7 5. e4 a6 6. Bd3 Ng6 7. Nge2 Be7 8. O-O O-O 9. Be3 Bg5 10. Qd2 h6 11. f3 Nd7 12. a3 Rb8 13. b4 Bxe3+ 14. Qxe3 Qc7 15. Rac1 b6 16. Rb1 Nf6 17. bxc5 dxc5 18. Rb2 Bd7 19. Bc2 Ne8 20. Rfb1 Nd6 21. Bd3 Rb7 22. a4 a5 23. Kh1 Rfb8 24. Rf1 Qd8 25. Rf2 Qg5 26. Qc1 Qxc1+ 27. Nxc1 Kf8 28. Nb3 Ke7 29. Nd2 h5 30. g3 h4 31. Kg2 Rh8 32. Kf1 Kd8 33. Ke2 Kc7 34. Rb1 Rbb8 35. Rg1 Rh5 36. Ke3 hxg3 37. hxg3 Rbh8 38. Rff1 Rg5 39. f4 Rgh5 40. Rf2 f6 41. f5 Ne7 42. g4 Rh1 43. Rxh1 Rxh1 44. Rf1 Rxf1 45. Bxf1 Nf7 46. Nf3 Nc8 47. Kf2 Kd6 48. Kg3 Ke7 49. Kh4 Nfd6 50. Nd2 Ne8 51. Be2 Ncd6 52. Bd3 Nc7 53. Bf1 Na6 54. Bd3 Nb4 55. Be2 Nf7 56. Nf3 Nc2 57. Bd1 Nd4 58. Ng1 Nd6 59. g5 Nxc4 60. gxf6+ Kxf6 61. Nh3 Nb2 62. Nf2 c4 63. Ng4+ Ke7 64. Nxe5 Nxd1 65. Nxd1 Bxa4 66. Nc3 Bb3 67. Kg5 b5 68. Nxb5 Nxb5 69. Nc6+ Kd6 70. Nxa5 Ba2 71. Nxc4+ Bxc4 72. Kg6 Bd3 73. Kxg7 Bxe4 1/2-1/2

[Event "36th German Seniors-ch-65 2024"]
[Site "Bad Wildungen"]
[Date "2024.08.29"]
[Round "7.11"]
[White "Matthey, Harald"]
[Black "Behrens, Harald"]
[Result "1-0"]
[ECO "C07"]
[WhiteElo "2062"]
[BlackElo "2206"]
[Annotator "RC"]
[PlyCount "65"]
[EventDate "2024.08.22"]
[EventType "swiss"]
[EventCountry "GER"]
[SourceTitle "playchess.com"]
[Source "ChessBase"]
[SourceQuality "1"]
[TimeControl "40/5400+30:1800+30"]

1. e4 e6 2. d4 d5 3. Nd2 a6 4. Ngf3 c5 5. exd5 exd5 6. c3 Nc6 7. Qe2+ Be6 8. dxc5 Bxc5 9. Nb3 Be7 10. g3 Nf6 11. Nfd4 Bg4 12. f3 Bd7 13. Bg2 O-O 14. O-O Re8 15. Qc2 Bd6 16. Bd2 Rc8 17. Rae1 h6 18. Rxe8+ Qxe8 19. Re1 Qd8 20. Be3 Ne5 21. Nf5 Nc4 22. Bd4 Bxf5 23. Qxf5 Nxb2 24. Bxf6 gxf6 25. f4 Kg7 26. Bxd5 Rc7 27. Be4 Qg8 28. Kh1 Na4 29. Nd4 Bc5 30. Bc2 Nxc3 31. Qg4+ Kh8 32. Qh4 Bf8 33. Re8 1-0

[Event "36th German Seniors-ch-65 2024"]
[Site "Bad Wildungen"]
[Date "2024.08.29"]
[Round "7.12"]
[White "Vasiljev, Jurij"]
[Black "Okrajek, Alexander"]
[Result "0-1"]
[ECO "A70"]
[WhiteElo "1993"]
[BlackElo "2172"]
[Annotator "RC"]
[PlyCount "68"]
[EventDate "2024.08.22"]
[EventType "swiss"]
[EventCountry "GER"]
[SourceTitle "playchess.com"]
[Source "ChessBase"]
[SourceQuality "1"]
[TimeControl "40/5400+30:1800+30"]

1. d4 Nf6 2. c4 e6 3. Nf3 c5 4. d5 exd5 5. cxd5 d6 6. Nc3 g6 7. e4 Bg7 8. Bd3 O-O 9. O-O Bg4 10. h3 Bxf3 11. Qxf3 a6 12. a4 Nbd7 13. Bf4 Qc7 14. g4 Ne5 15. Bxe5 dxe5 16. a5 h5 17. Rfc1 hxg4 18. hxg4 c4 19. Nd1 Qd7 20. Be2 Nh7 21. Rxc4 Bh6 22. Ra3 Bf4 23. Ne3 Ng5 24. Qg2 Kg7 25. Rac3 Rh8 26. Nf1 Rh4 27. Rc7 Qa4 28. d6 Rd8 29. Ng3 Rxd6 30. Rxb7 Qxa5 31. Qf1 Qd8 32. Rcc7 Rf6 33. Qd1 Qh8 34. Qb3 Rh1+ 0-1

[Event "36th German Seniors-ch-65 2024"]
[Site "Bad Wildungen"]
[Date "2024.08.29"]
[Round "7.13"]
[White "Namyslo, Holger"]
[Black "Ellenberg, Ekkehard"]
[Result "1-0"]
[ECO "B28"]
[WhiteElo "2140"]
[BlackElo "1998"]
[Annotator "NA RC"]
[PlyCount "117"]
[EventDate "2024.08.22"]
[EventType "swiss"]
[EventCountry "GER"]
[SourceTitle "playchess.com"]
[Source "ChessBase"]
[SourceQuality "1"]
[TimeControl "40/5400+30:1800+30"]

1. e4 c5 2. Nf3 a6 3. c3 Nf6 4. e5 Nd5 5. d4 cxd4 6. cxd4 d6 {[%emt 0:02:05] B28: Sicilian: 2 Nf3 a6 (O'Kelly Variation).} 7. Bc4 Nb6 8. Bb3 d5 9. O-O Bg4 10. h3 Bh5 (10... Bf5 $14) 11. a4 Nc6 {[%emt 0:02:35] [#]} (11... e6 $11) 12. Be3 ({Better is} 12. g4 $1 $16 Bg6 13. e6) 12... e6 13. Nc3 Na5 14. Bc2 Rc8 15. Ne2 (15. g4 $11 Bg6 16. Bxg6 hxg6 17. h4) 15... Be7 16. b3 (16. g4 $11 Bg6 17. Bxg6 hxg6 18. b3) 16... Bg6 (16... Bxf3 $15 17. gxf3 Nd7) 17. Bd3 O-O 18. Nf4 Nd7 19. Nxg6 hxg6 20. Bd2 Nc6 21. a5 Bb4 22. Qe1 $1 Qe7 23. Ra4 Bxd2 24. Qxd2 Rc7 25. Rc1 Rfc8 26. Kh1 Nf8 27. h4 Na7 28. Raa1 Rxc1+ 29. Rxc1 Rc6 (29... Rxc1+ $11 30. Qxc1 Nc6 31. Bxa6 Nxd4 32. Nxd4 Qxh4+ (32... bxa6 33. g3 $11) 33. Kg1 bxa6) 30. Ng5 (30. Rb1 $14) 30... f6 31. exf6 gxf6 32. Nf3 Kg7 (32... Rxc1+ $5 33. Qxc1 Nc6 $11) 33. Qf4 Rxc1+ 34. Qxc1 Qd6 $1 35. Nh2 Nc6 36. Ng4 f5 (36... Nxa5 $2 {loses.} 37. Qh6+ Kf7 38. Bxg6+ Ke7 39. h5 $18 (39. Qg7+ Kd8 $18)) 37. Qh6+ Kf7 38. h5 fxg4 39. hxg6+ Nxg6 40. Qxg6+ Ke7 41. Qg7+ Ke8 42. Qxb7 Nxa5 43. Qb8+ Ke7 44. Qa8 Nxb3 45. Bxa6 $2 (45. Qb7+ $18 Kd8 46. Qxb3) 45... Kf7 46. Bb5 Kf6 47. Ba4 (47. Qh8+ $18 Kf7 48. Be8+ Ke7 49. Ba4) 47... Qb4 48. Qh8+ Kf7 49. Qh5+ Kf6 50. Qe5+ Kf7 51. Qf4+ Ke7 52. Qg5+ Kf7 53. Bxb3 $18 Qxb3 54. Qxg4 Qc4 55. Qf4+ Kg6 56. g4 Qc8 57. Qe5 Qd7 58. Kg2 Qf7 59. Qh5+ 1-0

[Event "36th German Seniors-ch-65 2024"]
[Site "Bad Wildungen"]
[Date "2024.08.29"]
[Round "7.14"]
[White "Chevelevitch, Evgueni"]
[Black "Kornrumpf, Joachim"]
[Result "1-0"]
[ECO "B41"]
[WhiteElo "2334"]
[BlackElo "2029"]
[Annotator "RC"]
[PlyCount "64"]
[EventDate "2024.08.22"]
[EventType "swiss"]
[EventCountry "GER"]
[SourceTitle "playchess.com"]
[Source "ChessBase"]
[SourceQuality "1"]
[TimeControl "40/5400+30:1800+30"]

1. e4 c5 2. Nf3 e6 3. d4 cxd4 4. Nxd4 a6 5. c4 Nf6 6. Nc3 Qc7 7. Be2 Be7 8. Be3 d6 9. Rc1 Nbd7 10. g4 h6 11. h4 b6 12. f3 Bb7 13. Kd2 g6 14. Kc2 O-O-O 15. Kb1 Kb8 16. Qd2 Bf8 17. Rhg1 Bg7 18. Rgd1 Nc5 19. Qe1 Rde8 20. g5 Ng8 21. b4 Bxd4 22. Rxd4 Nd7 23. gxh6 Ne5 24. a3 f5 25. Qg1 fxe4 26. fxe4 Bxe4+ 27. Rxe4 Kb7 28. Rd4 Nc6 29. Rd2 Nge7 30. Bd3 Nf5 31. Bf2 d5 32. Rcc2 d4 1-0

[Event "36th German Seniors-ch-65 2024"]
[Site "Bad Wildungen"]
[Date "2024.08.29"]
[Round "7.15"]
[White "Babrikowski, Peter"]
[Black "Blab, Ludwig"]
[Result "1-0"]
[ECO "C09"]
[WhiteElo "2153"]
[BlackElo "2026"]
[Annotator "RC"]
[PlyCount "97"]
[EventDate "2024.08.22"]
[EventType "swiss"]
[EventCountry "GER"]
[SourceTitle "playchess.com"]
[Source "ChessBase"]
[SourceQuality "1"]
[TimeControl "40/5400+30:1800+30"]

1. e4 e6 2. d4 d5 3. Nd2 c5 4. Ngf3 Nc6 5. dxc5 Bxc5 6. exd5 exd5 7. Nb3 Bb6 8. Bg5 Nf6 9. Qe2+ Be6 10. O-O-O O-O 11. Nfd4 Re8 12. Qf3 Rc8 13. Bxf6 Qxf6 14. Qxf6 gxf6 15. Bb5 Bd7 16. Rd2 Re7 17. Rhd1 a6 18. Bf1 Rce8 19. c3 Re1 20. Rxe1 Rxe1+ 21. Rd1 Re7 22. Bd3 a5 23. Nf5 Bxf5 24. Bxf5 Bxf2 25. Rxd5 Re5 26. c4 a4 27. Rxe5 fxe5 28. Nd2 Be3 29. Kd1 Na5 30. Bd3 f6 31. Ke2 Bd4 32. b4 axb3 33. axb3 Bc5 34. Ne4 Be7 35. b4 Nc6 36. b5 Nd4+ 37. Kd2 Kg7 38. Ng3 Bb4+ 39. Ke3 Bc5 40. Ke4 b6 41. Kd5 Nb3 42. h3 h6 43. Nf5+ Kg6 44. Nd4+ Kg5 45. Nxb3 Be7 46. c5 bxc5 47. Nxc5 f5 48. b6 Bxc5 49. Kxc5 1-0

[Event "36th German Seniors-ch-65 2024"]
[Site "Bad Wildungen"]
[Date "2024.08.29"]
[Round "7.16"]
[White "Hanisch, Friedrich"]
[Black "Erler, Rainer"]
[Result "1/2-1/2"]
[ECO "D34"]
[WhiteElo "2012"]
[BlackElo "2122"]
[Annotator "RC"]
[PlyCount "54"]
[EventDate "2024.08.22"]
[EventType "swiss"]
[EventCountry "GER"]
[SourceTitle "playchess.com"]
[Source "ChessBase"]
[SourceQuality "1"]
[TimeControl "40/5400+30:1800+30"]

1. d4 d5 2. c4 e6 3. Nc3 c5 4. cxd5 exd5 5. Nf3 Nc6 6. g3 Nf6 7. Bg2 Be7 8. O-O O-O 9. dxc5 Bxc5 10. Bg5 d4 11. Bxf6 Qxf6 12. Ne4 Qe7 13. Nxc5 Qxc5 14. Rc1 Qb6 15. Qd2 Bg4 16. Rfd1 Rad8 17. h3 Be6 18. b3 h6 19. Qf4 Rfe8 20. h4 Bd5 21. Rc2 Re4 22. Qc1 Rde8 23. Qb2 R4e7 24. Nxd4 Nxd4 25. Qxd4 Qxd4 26. Rxd4 Bxg2 27. Kxg2 Rxe2 1/2-1/2

[Event "36th German Seniors-ch-65 2024"]
[Site "Bad Wildungen"]
[Date "2024.08.29"]
[Round "7.17"]
[White "Polster, Wolfgang"]
[Black "Boeven, Manfred"]
[Result "1-0"]
[ECO "B48"]
[WhiteElo "2112"]
[BlackElo "1998"]
[Annotator "RC"]
[PlyCount "111"]
[EventDate "2024.08.22"]
[EventType "swiss"]
[EventCountry "GER"]
[SourceTitle "playchess.com"]
[Source "ChessBase"]
[SourceQuality "1"]
[TimeControl "40/5400+30:1800+30"]

1. e4 c5 2. Nf3 e6 3. d4 cxd4 4. Nxd4 Nc6 5. Nc3 Qc7 6. Be3 a6 7. a3 Nf6 8. f4 d6 9. Be2 Be7 10. Qd3 e5 11. Nf5 Bxf5 12. exf5 exf4 13. Bxf4 Ne5 14. Qd4 Rc8 15. O-O-O Qc5 16. Qxc5 Rxc5 17. Be3 Rc6 18. Rd4 O-O 19. Nd5 Nxd5 20. Rxd5 Rfc8 21. c3 h6 22. Rhd1 Rd8 23. Bf4 Rdc8 24. Bxe5 dxe5 25. Rxe5 Bd6 26. Re4 Bxh2 27. Rd7 R6c7 28. Rxc7 Bxc7 29. Kc2 Bd6 30. Rd4 Rd8 31. c4 b6 32. b4 a5 33. Kb3 axb4 34. axb4 Kf8 35. f6 gxf6 36. Ka4 Ke7 37. Kb5 Rb8 38. Bg4 Ra8 39. c5 bxc5 40. bxc5 Bb8 41. Rd7+ Ke8 42. c6 Ra2 43. Bf3 Rb2+ 44. Ka6 Be5 45. Bd5 Rc2 46. Bxf7+ Kf8 47. Kb6 Rxg2 48. Bc4 Rg4 49. Kc5 h5 50. c7 Bxc7 51. Rxc7 Re4 52. Kd6 h4 53. Bd5 Re3 54. Rf7+ Ke8 55. Rxf6 Ra3 56. Bc6+ 1-0

[Event "36th German Seniors-ch-65 2024"]
[Site "Bad Wildungen"]
[Date "2024.08.29"]
[Round "7.18"]
[White "Larem, Ewald"]
[Black "Schulz, Michael"]
[Result "1/2-1/2"]
[ECO "A69"]
[WhiteElo "1998"]
[BlackElo "2109"]
[Annotator "RC"]
[PlyCount "69"]
[EventDate "2024.08.22"]
[EventType "swiss"]
[EventCountry "GER"]
[SourceTitle "playchess.com"]
[Source "ChessBase"]
[SourceQuality "1"]
[TimeControl "40/5400+30:1800+30"]

1. d4 Nf6 2. c4 c5 3. d5 e6 4. Nc3 exd5 5. cxd5 d6 6. e4 a6 7. a4 g6 8. f4 Bg7 9. Nf3 O-O 10. Be2 Re8 11. Nd2 h5 12. h3 Nbd7 13. O-O b6 14. Bf3 Ng4 15. Bxg4 hxg4 16. Qxg4 Bd4+ 17. Kh1 Kg7 18. Qg3 Nf6 19. Ra3 Nh5 20. Qf3 f5 21. Nc4 Rb8 22. exf5 Qh4 23. Kh2 Bxf5 24. Nxd6 Nf6 25. Nxe8+ Rxe8 26. Ne2 Ng4+ 27. Kh1 Nf2+ 28. Rxf2 Qxf2 29. Nxd4 Re1+ 30. Kh2 Qg1+ 31. Kg3 Qxd4 32. Qc3 Rd1 33. Be3 Qxc3 34. Rxc3 g5 35. Rb3 1/2-1/2

[Event "36th German Seniors-ch-65 2024"]
[Site "Bad Wildungen"]
[Date "2024.08.29"]
[Round "7.19"]
[White "Krueger, Erich"]
[Black "Kuempers, Ulrich"]
[Result "1/2-1/2"]
[ECO "A53"]
[WhiteElo "2085"]
[BlackElo "1991"]
[Annotator "NA RC"]
[PlyCount "84"]
[EventDate "2024.08.22"]
[EventType "swiss"]
[EventCountry "GER"]
[SourceTitle "playchess.com"]
[Source "ChessBase"]
[SourceQuality "1"]
[TimeControl "40/5400+30:1800+30"]

1. d4 Nf6 2. c4 d6 3. Nc3 e5 4. dxe5 dxe5 5. Qxd8+ Kxd8 6. Nf3 Nfd7 7. g4 c6 {[%emt 0:10:52] A53: Old Indian Defence without Nf3.} 8. b3 {[%emt 0:02:33] is the legacy move (8.g5).} f6 9. Bb2 Bb4 10. O-O-O $146 ({Predecessor:} 10. a3 Bxc3+ 11. Bxc3 Nc5 12. Rd1+ Ke7 13. Nd2 Nba6 14. h4 Be6 15. Rg1 Rad8 16. g5 {½-½ Kopeikin,V (2410)-Leal,D (2316) ARG-RUS email 2006}) 10... Kc7 11. Rg1 Re8 (11... Nc5 $11) 12. e3 (12. g5 $14) 12... Nc5 13. Nd2 Be6 14. a3 Bxc3 15. Bxc3 a5 (15... h6 $11) 16. g5 Nbd7 17. gxf6 gxf6 18. Rg7 Rg8 19. Rxh7 Bf5 20. Rh6 Rg1 21. e4 Bxe4 22. Rh3 Bf5 23. Rg3 Rh1 24. b4 {[%emt 0:05:46] [#]} Na4 $2 (24... axb4 $1 $19 25. Bxb4 Rxh2) 25. Ba1 axb4 26. axb4 Nac5 27. Bb2 Ne6 28. Nf3 Ra4 29. Nh4 Be4 30. f3 Bh7 31. Bh3 Rxd1+ 32. Kxd1 Ng5 33. Bxd7 Kxd7 34. Bc3 Ke6 35. Ng2 Bf5 36. Ne3 Ra3 37. Bd2 Bd3 38. h4 Ra1+ 39. Bc1 Nf7 40. c5 Ra2 41. Bd2 $1 Ra1+ (41... f5 $17 42. Rg8 (42. Rg6+ Ke7 $15) 42... f4) 42. Bc1 Ra2 ({Black should try} 42... Rb1 $15) 1/2-1/2

[Event "36th German Seniors-ch-65 2024"]
[Site "Bad Wildungen"]
[Date "2024.08.29"]
[Round "7.20"]
[White "Eichner, Christian"]
[Black "Wenner, Tobias"]
[Result "0-1"]
[ECO "B22"]
[WhiteElo "1972"]
[BlackElo "2067"]
[Annotator "RC"]
[PlyCount "72"]
[EventDate "2024.08.22"]
[EventType "swiss"]
[EventCountry "GER"]
[SourceTitle "playchess.com"]
[Source "ChessBase"]
[SourceQuality "1"]
[TimeControl "40/5400+30:1800+30"]

1. e4 c5 2. Nf3 e6 3. c3 d5 4. exd5 Qxd5 5. d4 Nf6 6. Na3 Nc6 7. Nb5 Qd8 8. dxc5 Bxc5 9. Qxd8+ Kxd8 10. Bg5 a6 11. Rd1+ Ke7 12. Nbd4 Bd7 13. Nb3 Bb6 14. g3 h6 15. Bxf6+ gxf6 16. Bh3 Ne5 17. Nxe5 fxe5 18. Bg2 Rab8 19. O-O a5 20. Rfe1 a4 21. Nd2 f6 22. a3 Bc7 23. Re4 b5 24. Rh4 f5 25. f4 e4 26. Kf2 Bc6 27. Ke2 h5 28. Nf1 Bd5 29. Ne3 Bb3 30. Rd2 Bb6 31. Bh3 Kf7 32. Rd7+ Kg6 33. Bg2 Rhd8 34. Re7 Rd3 35. Nxf5 exf5 36. Rxe4 Rbd8 0-1

[Event "36th German Seniors-ch-65 2024"]
[Site "Bad Wildungen"]
[Date "2024.08.29"]
[Round "7.21"]
[White "Ehlert, Horst"]
[Black "Schmidt, Gerhard"]
[Result "1/2-1/2"]
[ECO "D04"]
[WhiteElo "1951"]
[BlackElo "2088"]
[Annotator "NA RC"]
[PlyCount "113"]
[EventDate "2024.08.22"]
[EventType "swiss"]
[EventCountry "GER"]
[SourceTitle "playchess.com"]
[Source "ChessBase"]
[SourceQuality "1"]
[TimeControl "40/5400+30:1800+30"]

1. d4 Nf6 2. Nf3 g6 3. Nbd2 d5 4. e3 Bg7 5. Bd3 c5 6. c3 O-O 7. O-O Nc6 8. h3 {[%emt 0:06:52] D04: Colle System.} Nd7 9. e4 dxe4 10. Bxe4 cxd4 11. Bxc6 (11. cxd4 $15 Nxd4 12. Nxd4 Bxd4 13. Nb3) 11... dxc3 ({But not} 11... bxc6 12. Nxd4 Qc7 13. Re1 $15) 12. Bxd7 cxd2 13. Bxc8 dxc1=Q 14. Rxc1 Rxc8 15. Qb3 Rxc1 16. Rxc1 Qd7 17. Qc2 Rd8 18. b3 Bf6 19. Qc7 Kg7 20. Qxd7 Rxd7 21. g4 h6 22. Kf1 e6 23. Ke2 Kf8 24. Rc8+ Ke7 25. Ra8 a6 26. Rc8 Bd4 27. Rc4 Bb6 28. Rb4 Ba5 29. Ra4 Bc7 30. Rc4 Bd6 31. Rc2 Rc7 32. Rxc7+ Bxc7 33. Nd2 f5 34. f3 b5 35. Ke3 e5 36. b4 Bd6 37. a3 {[%emt 0:00:04] [#]} a5 38. bxa5 Bxa3 39. Nb3 Kd7 40. gxf5 gxf5 41. f4 {[%emt 0:30:29] [#]} e4 $1 42. Kd4 (42. a6 $142 Kc7 43. Kd2) 42... Kd6 43. a6 Bb2+ 44. Ke3 Kc6 45. Na5+ Kb6 46. a7 Kxa7 47. Nc6+ Kb6 48. Ne7 Bc1+ 49. Kd4 $19 e3 50. Kd3 Kc5 51. Nxf5 Kd5 52. Nxh6 Ke6 53. Ng4 Kf5 54. Nxe3+ Kxf4 55. Nd5+ Kg3 56. Nc3 Kxh3 57. Kd4 1/2-1/2

[Event "36th German Seniors-ch-65 2024"]
[Site "Bad Wildungen"]
[Date "2024.08.29"]
[Round "7.22"]
[White "Skorna, Ullrich"]
[Black "Schaefer, Martin"]
[Result "1-0"]
[ECO "B20"]
[WhiteElo "2058"]
[BlackElo "1982"]
[Annotator "RC"]
[PlyCount "53"]
[EventDate "2024.08.22"]
[EventType "swiss"]
[EventCountry "GER"]
[SourceTitle "playchess.com"]
[Source "ChessBase"]
[SourceQuality "1"]
[TimeControl "40/5400+30:1800+30"]

1. e4 c5 2. b3 g6 3. Bb2 Nf6 4. e5 Nd5 5. g3 Bg7 6. Bg2 e6 7. Na3 d6 8. f4 O-O 9. Nc4 dxe5 10. Nxe5 Nxf4 11. gxf4 Qh4+ 12. Kf1 Qxf4+ 13. Ngf3 g5 14. Bh3 Nd7 15. Nd3 Qd6 16. Bxg7 Kxg7 17. Nxg5 Nf6 18. Qf3 e5 19. Re1 Bxh3+ 20. Qxh3 Rae8 21. Rg1 Kh8 22. Qh6 Qa6 23. Ne6 Nh5 24. Qxh5 Rxe6 25. Rxe5 Qxa2 26. Rxe6 Qa1+ 27. Re1 1-0

[Event "36th German Seniors-ch-65 2024"]
[Site "Bad Wildungen"]
[Date "2024.08.30"]
[Round "8.1"]
[White "Podat, Vladimir"]
[Black "Buchal, Stephan"]
[Result "1/2-1/2"]
[ECO "B08"]
[WhiteElo "2157"]
[BlackElo "2215"]
[Annotator "RC"]
[PlyCount "32"]
[EventDate "2024.08.22"]
[EventType "swiss"]
[EventCountry "GER"]
[SourceTitle "playchess.com"]
[Source "ChessBase"]
[SourceQuality "1"]
[TimeControl "40/5400+30:1800+30"]

1. e4 d6 2. d4 Nf6 3. Nc3 g6 4. Nf3 Bg7 5. Be3 c6 6. Qd2 b5 7. Bd3 O-O 8. Bh6 Bg4 9. h4 Bxf3 10. gxf3 Nh5 11. Bxg7 Kxg7 12. f4 Nd7 13. Be2 b4 14. Nd1 Qa5 15. e5 Kh8 16. Bxh5 Qd5 1/2-1/2

[Event "36th German Seniors-ch-65 2024"]
[Site "Bad Wildungen"]
[Date "2024.08.30"]
[Round "8.2"]
[White "Okrajek, Alexander"]
[Black "Klundt, Klaus"]
[Result "1/2-1/2"]
[ECO "D05"]
[WhiteElo "2172"]
[BlackElo "2264"]
[Annotator "RC"]
[PlyCount "33"]
[EventDate "2024.08.22"]
[EventType "swiss"]
[EventCountry "GER"]
[SourceTitle "playchess.com"]
[Source "ChessBase"]
[SourceQuality "1"]
[TimeControl "40/5400+30:1800+30"]

1. d4 Nf6 2. Nf3 d5 3. e3 e6 4. Nbd2 c5 5. c3 Nc6 6. Bd3 Be7 7. O-O Qc7 8. a3 O-O 9. dxc5 Bxc5 10. b4 Be7 11. c4 Ne5 12. Nxe5 Qxe5 13. Rb1 Rd8 14. Bb2 Qd6 15. Nf3 dxc4 16. Bxc4 Qxd1 17. Rfxd1 1/2-1/2

[Event "36th German Seniors-ch-65 2024"]
[Site "Bad Wildungen"]
[Date "2024.08.30"]
[Round "8.3"]
[White "Juhnke, Juergen"]
[Black "Namyslo, Holger"]
[Result "1-0"]
[ECO "B94"]
[WhiteElo "2259"]
[BlackElo "2140"]
[Annotator "RC"]
[PlyCount "99"]
[EventDate "2024.08.22"]
[EventType "swiss"]
[EventCountry "GER"]
[SourceTitle "playchess.com"]
[Source "ChessBase"]
[SourceQuality "1"]
[TimeControl "40/5400+30:1800+30"]

1. e4 c5 2. Nf3 d6 3. d4 cxd4 4. Nxd4 Nf6 5. Nc3 a6 6. Bg5 Nbd7 7. f4 Qc7 8. Qf3 h6 9. Bxf6 Nxf6 10. f5 Qc5 11. O-O-O g6 12. Nd5 Nxd5 13. exd5 gxf5 14. Bd3 Bd7 15. Bxf5 Bxf5 16. Qxf5 Bg7 17. c3 Bf6 18. Rhe1 Kd8 19. Kb1 Kc7 20. Rxe7+ Bxe7 21. Qxf7 Kb6 22. Ne6 Qe3 23. Qxe7 Qe4+ 24. Ka1 Qe5 25. Qc7+ Ka7 26. Nc5 Rab8 27. Nd7 Qh5 28. Rb1 Qxd5 29. Qb6+ Ka8 30. Nxb8 Rxb8 31. Qf2 Re8 32. a3 Qh5 33. g3 Re2 34. Qf8+ Re8 35. Qxd6 Qxh2 36. Rf1 Qe2 37. Rf6 h5 38. Qc7 Qe5 39. Rd6 Ka7 40. Ka2 Qe4 41. Qc5+ Ka8 42. c4 Qg4 43. Qd5 Qxg3 44. Rxa6+ Kb8 45. Qxh5 Qg8 46. Qh2+ Kc8 47. Ra8+ Kd7 48. Qd2+ Kc7 49. Qa5+ b6 50. Qa7+ 1-0

[Event "36th German Seniors-ch-65 2024"]
[Site "Bad Wildungen"]
[Date "2024.08.30"]
[Round "8.4"]
[White "Rosen, Bernd"]
[Black "Matthey, Harald"]
[Result "1-0"]
[ECO "A37"]
[WhiteElo "2245"]
[BlackElo "2062"]
[Annotator "RC"]
[PlyCount "57"]
[EventDate "2024.08.22"]
[EventType "swiss"]
[EventCountry "GER"]
[SourceTitle "playchess.com"]
[Source "ChessBase"]
[SourceQuality "1"]
[TimeControl "40/5400+30:1800+30"]

1. c4 c5 2. g3 Nc6 3. Bg2 g6 4. Nc3 Bg7 5. Nf3 e6 6. d4 Nxd4 7. Nxd4 cxd4 8. Ne4 d6 9. Qa4+ Ke7 10. Qa3 f5 11. Bg5+ Nf6 12. Nxf6 Bxf6 13. Bxf6+ Kxf6 14. O-O Qb6 15. Rfd1 Rd8 16. Rd3 Qc5 17. b4 Qxc4 18. Rc1 Qb5 19. Rxd4 a5 20. e4 e5 21. Rd5 Qxb4 22. Qd3 Ra6 23. f4 fxe4 24. Bxe4 Be6 25. fxe5+ Ke7 26. Rb1 Qa4 27. Rxb7+ Rd7 28. Qxa6 Bxd5 29. Qxd6+ 1-0